 Dungeon Crawl Stone Soup version bcrawl-1.12-5-g74a5124548 (webtiles) character file.

Game seed: 16734508176470484214

164 MisterOstroum the Skirmisher (level 5, -3/42 HPs)
             Began as a Demonspawn Archaeologist on June 1, 2019.
             Slain by an ice beast (5 damage)
             ... on level 3 of the Dungeon.
             The game lasted 00:08:44 (4150 turns).

MisterOstroum the Skirmisher (DsAc)                 Turns: 4150, Time: 00:08:45

Health: -3/42      AC: 15    Str: 17    XL:     5   Next: 21%
Magic:  5/5        EV:  4    Int: 15    God:
Gold:   187        SH:  4    Dex: 12    Spells: 4/4 levels left

rFire    . . .     SeeInvis .   r - +1 hand axe
rCold    . . .     Gourm    .   (no shield)
rNeg     . . .     Faith    .   n - +0 plate armour
rPois    .         Spirit   .   b - +1 hat
rElec    .         Reflect  .   (no cloak)
rCorr    .         Harm     .   d - +1 pair of gloves
MR       .....                  c - +1 pair of boots
Stlth    ..........             (no amulet)
HPRegen  0.14/turn              (no ring)
MPRegen  0.09/turn              (no ring)

@: mighty, lethally poisoned (-3 -> -13), studying Long Blades, extremely
drained
A: large bone plates 1, nightstalker 1
a: no special abilities


You were on level 3 of the Dungeon.
You were not hungry.

You visited 1 branch of the dungeon, and saw 3 of its levels.

You collected 187 gold pieces.

Inventory:

Hand Weapons
 q - a +0 short sword
 r - a +1 hand axe (weapon)
Missiles
 t - 505 stones (quivered)
 v - 54 poisoned tomahawks
 x - 53 javelins
 C - 189 poisoned needles
Armour
 a - a +1 robe
 b - a +1 hat (worn)
 c - a +1 pair of boots (worn)
 d - a +1 pair of gloves (worn)
 n - a +0 plate armour (worn)
Jewellery
 p - a cursed amulet of inaccuracy {unknown}
Wands
 D - a wand of polymorph (2)
Scrolls
 i - a scroll of fog {!r}
 j - 5 scrolls of identify {unknown}
 k - 4 scrolls of enchant weapon
 o - a scroll of remove curse {@r2}
 s - a scroll of teleportation {@r3 !r}
 y - 2 scrolls of fear {unknown}
 z - a scroll of enchant armour {unknown}
Potions
 h - a potion of cancellation
 l - a potion of might {@q3 !q}
 m - 2 potions of flight {unknown}
 u - 2 potions of heal wounds {unknown}
 w - a potion of agility {unknown}
 B - a potion of curing {unknown}
Books
 g - a manual of Long Blades
Miscellaneous
 f - an ancient crate
Comestibles
 e - 5 rations {!d}
 A - a chunk of flesh


   Skills:
 + Level 4.2(0.0) Fighting
 + Level 3.5(0.0) Long Blades
 - Level 2.6(0.0) Dodging
 - Level 3.0(0.0) Stealth


You had 4 spell levels left.
You didn't know any spells.
Your spell library was empty.

Dungeon Overview and Level Annotations

Branches:
Dungeon (3/12)

Altars:
Dithmenos

Annotations:
D:3 exclusion: upstairs


Innate Abilities, Weirdness & Mutations

You are partially covered in large bone plates. (SH +4)
You are slightly more attuned to the shadows.


Message History

You closely miss the frilled lizard. The hound bites you but does no damage.
The frilled lizard bites you but does no damage.
The hound bites you but does no damage.
You hit the hound.
The hound is lightly wounded.
Your plate armour prevents you from hitting the frilled lizard.
You feel sick. The hound bites you but does no damage.
The frilled lizard bites you but does no damage.
The hound bites you but does no damage.
The frilled lizard bites you but does no damage.
You closely miss the hound.
The hound is lightly wounded.
You hit the frilled lizard. The hound bites you but does no damage.
You block the hound's attack. You block the frilled lizard's attack.
You hit the hound.
The hound is lightly wounded.
Your plate armour prevents you from hitting the frilled lizard.
You feel sick. The hound bites you but does no damage.
The frilled lizard bites you but does no damage.
The hound bites you but does no damage.
Your plate armour prevents you from hitting the hound.
The hound is lightly wounded.
You miss the frilled lizard. The hound bites you but does no damage.
The frilled lizard bites you but does no damage.
The hound bites you but does no damage.
The frilled lizard bites you but does no damage.
You hit the hound.
The hound is moderately wounded.
You hit the frilled lizard.
You kill the frilled lizard!
The hound barely misses you. The hound bites you but does no damage.
You closely miss the hound.
The hound is moderately wounded.
Your plate armour prevents you from hitting the hobgoblin.
You feel sick. You block the hound's attack. The hobgoblin hits you.
The hound bites you.
The hobgoblin hits you but does no damage.
You miss the hound.
The hound is moderately wounded.
Your plate armour prevents you from hitting the hobgoblin.
You block the hound's attack. x2; The hobgoblin barely misses you.
You miss the hound.
The hound is moderately wounded.
You closely miss the hobgoblin. You block the hound's attack.
The hobgoblin hits you but does no damage.
The hound bites you but does no damage.
Your plate armour prevents you from hitting the hound.
The hound is moderately wounded.
You hit the hobgoblin.
You kill the hobgoblin!
You feel sick. The hound bites you but does no damage.
The kobold shoots a poisoned needle.
The poisoned needle hits you!
You are more poisoned.
The hound bites you but does no damage.
You hit the hound.
The hound is heavily wounded.
You feel sick. The hound bites you.
* * * LOW HITPOINT WARNING * * *
The kobold shoots a poisoned needle.
The poisoned needle hits you!
You are lethally poisoned!
The hound bites you but does no damage.
You hit the hound.
The hound is almost dead.
You closely miss the kobold.
* * * LOW HITPOINT WARNING * * *
You feel sick.
The hound pauses to sniff the ground.
You block the hound's attack.
The kobold unwields a +0 blowgun.
The kobold hits you.
* * * LOW HITPOINT WARNING * * *
The hound barely misses you.
You hit the hound.
The hound is almost dead.
You hit the kobold.
You kill the kobold!
* * * LOW HITPOINT WARNING * * *
You feel sick. You block the hound's attack.
The hound bites you but does no damage.
* * * LOW HITPOINT WARNING * * *
You feel sick. You block the hound's attack.
You closely miss the hound.
The hound is almost dead.
You completely miss the ice beast.
* * * LOW HITPOINT WARNING * * *
You feel sick. The hound bites you but does no damage.
The ice beast hits you but does no damage.
The hound bites you but does no damage.
Unknown command.
It was a potion of cancellation.
You feel magically purged.
* * * LOW HITPOINT WARNING * * *
You feel sick. The hound bites you but does no damage.
The ice beast hits you but does no damage.
You block the hound's attack.
It was a potion of might.
You feel very mighty all of a sudden.
* * * LOW HITPOINT WARNING * * *
You feel sick. The ice beast hits you.
* * * LOW HITPOINT WARNING * * *
The ice beast freezes you.
You die...

≈# .####.....#. ≈#
.........#...# ≈#
.........# ## ## ..
#.#####..###### #. . #
#........ #. ##.######
###. #w# ## #...
#Y##.... #.#. #@h..#
#.#. ..o. ###..# #.#.
...# ..# #.## ...# .#
#.# ...## #. .# #.#
oo..# # ###.# # #.#
....####. .... .## #.##
..........##.#####...##
#...
.....####.#...#........
####


You could see an ice beast, a worm and a hound.

Vanquished Creatures
  A big kobold (D:3)
  An adder (D:3)
  4 worms
  4 leopard geckos
  3 orcs
  2 ball pythons
  4 bats
  4 giant cockroaches
  2 goblins
  13 hobgoblins
  20 kobolds
  3 frilled lizards
  4 rats
65 creatures vanquished.

Notes
Turn   | Place    | Note
-------+----------+-------------------------------------------
     0 | D:1      | MisterOstroum the Demonspawn Archaeologist began the quest
                  | for the Orb.
     0 | D:1      | Reached XP level 1. HP: 15/15 MP: 1/1
   611 | D:1      | Reached skill level 2 in Fighting
   613 | D:1      | Gained mutation: You are partially covered in large bone
                  | plates. (SH +4) [demonic ancestry]
   613 | D:1      | Reached XP level 2. HP: 7/22 MP: 2/2
  1624 | D:2      | Reached skill level 3 in Fighting
  1856 | D:2      | Reached XP level 3. HP: 21/29 MP: 3/3
  1969 | D:2      | Found a shadowy altar of Dithmenos.
  2202 | D:2      | Reached skill level 1 in Long Blades
  2855 | D:3      | Noticed an ice beast
  3107 | D:3      | Reached XP level 4. HP: 23/35 MP: 4/4
  3315 | D:3      | Noticed a big kobold
  3367 | D:3      | Killed a big kobold
  3367 | D:3      | Reached skill level 4 in Fighting
  3367 | D:3      | Gained mutation: You are slightly more attuned to the
                  | shadows. [demonic ancestry]
  3367 | D:3      | Reached XP level 5. HP: 36/42 MP: 5/5
  4150 | D:3      | HP: 2/42 [ice beast (2)]
  4150 | D:3      | Slain by an ice beast

Skill      XL: |  1  2  3  4 |
---------------+-------------+-----
Fighting       | 2 3 4 |  4.2
Long Blades    | 2 3 |  3.5
Dodging        | |  2.6
Stealth        | |  3.0

Action                   |  1- 3 |  4- 6 || total
-------------------------+-------+-------++-------
Melee: Unarmed           |    31 |     5 ||    36
       Short sword       |    26 |    64 ||    90
       Dagger            |     6 |       ||     6
       Hand axe          |   179 |    74 ||   253
Throw: Stone             |    76 |    18 ||    94
  Use: Scroll            |       |     4 ||     4
       Potion            |       |     2 ||     2
 Stab: Sleeping          |     2 |       ||     2
  Eat: Chunk             |     7 |     2 ||     9
       Ration            |       |     1 ||     1
Armor: Robe              |    33 |       ||    33
       Plate armour      |    86 |   127 ||   213
Dodge: Dodged            |    87 |    19 ||   106
Block: Other             |    28 |    37 ||    65
